3AAA
WILMINGTON BAY HAWKS @ LÉVIS ROCKS
05/28/2019
 
TOP OF THE 1ST
Wilmington Bay Hawks batting - Pitching for Lévis Rocks : RHP Andrés Martínez
Pitching: RHP Andrés Martínez
Batting: RHB Jim Unknown 0-0: Ball
1-0: Foul Ball, location: 2F
1-1: DOUBLE (Line Drive, 89S)
Batting: RHB Jorge Rocha 0-0: Ball
1-0: Fly out, F4 (Popup, 4MS)
Batting: LHB Ray Schneider 0-0: Ball
Wild Pitch!
Jim Unknown to third
1-0: Ball
2-0: 2-RUN HOME RUN (Flyball, 78XD), Distance : 407 ft
Batting: SHB José Martínez 0-0: Foul Ball, location: 2F
0-1: Ball
1-1: Ball
2-1: Ball
3-1: Base on Balls
Batting: RHB Jim Unknown 0-0: Foul Ball, location: 2F
0-1: Ball
1-1: Grounds into double play, 4-6-3 (Groundball, 4)
Top of the 1st over - 2 run(s), 2 hit(s), 0 error(s), 0 left on base; Wilmington 2 - Lévis 0
BOTTOM OF THE 1ST
Lévis Rocks batting - Pitching for Wilmington Bay Hawks : LHP Jim Unknown
Pitching: LHP Jim Unknown
Batting: LHB Edward Carlson 0-0: Foul Ball, location: 2F
0-1: Ball
1-1: Foul Ball, location: 2F
1-2: Ball
2-2: Foul Ball, location: 2F
2-2: Ball
3-2: Base on Balls
Batting: RHB Carlos Mercado 0-0: Ball
Edward Carlson is caught stealing 2nd base
1-0: Ball
2-0: Swinging Strike
2-1: Ball
3-1: Called Strike
3-2: Strikes out swinging
Batting: RHB Dan Holliday 0-0: Foul Ball, location: 2F
0-1: Called Strike
0-2: Strikes out swinging
Bottom of the 1st over - 0 run(s), 0 hit(s), 0 error(s), 0 left on base; Wilmington 2 - Lévis 0
TOP OF THE 2ND
Wilmington Bay Hawks batting - Pitching for Lévis Rocks : RHP Andrés Martínez
Batting: LHB Lonnie Austin 0-0: Swinging Strike
0-1: Ball
1-1: Ball
2-1: Ball
3-1: Base on Balls
Batting: RHB Jim Unknown 0-0: Called Strike
0-1: Fly out, F7 (Flyball, 7M)
Batting: LHB Nari Corelli 0-0: Called Strike
0-1: Called Strike
0-2: Ball
Wild Pitch!
Lonnie Austin to second
1-2: Foul Ball, location: 2F
1-2: Foul Ball, location: 2F
1-2: Ball
2-2: Foul Ball, location: 2F
2-2: Ball
3-2: Foul Ball, location: 2F
3-2: Fly out, F3 (Popup, 3SF)
Batting: RHB António Prieto 0-0: Fly out, F5 (Line Drive, 5S)
Top of the 2nd over - 0 run(s), 0 hit(s), 0 error(s), 1 left on base; Wilmington 2 - Lévis 0
BOTTOM OF THE 2ND
Lévis Rocks batting - Pitching for Wilmington Bay Hawks : LHP Jim Unknown
Batting: RHB Ernie McPherson 0-0: Ground out 4-3 (Groundball, 4)
Batting: RHB Raúl Valadez 0-0: Foul Ball, location: 2F
0-1: Ball
1-1: Ball
2-1: Foul Ball, location: 2F
2-2: Strikes out looking
Batting: SHB Bartolo Fernández 0-0: SINGLE (Flyball, 7S)
Batting: RHB Jimmy Allen 0-0: Fielders Choice at 2nd, 6-4 (Groundball, 6)
Bottom of the 2nd over - 0 run(s), 1 hit(s), 0 error(s), 0 left on base; Wilmington 2 - Lévis 0
TOP OF THE 3RD
Wilmington Bay Hawks batting - Pitching for Lévis Rocks : RHP Andrés Martínez
Batting: RHB Jim Unknown 0-0: Ball
1-0: Swinging Strike
1-1: Ball
2-1: SINGLE (Line Drive, 89S)
Batting: RHB Jorge Rocha 0-0: Ball
1-0: Foul Ball, location: 2F
1-1: Ball
2-1: Ball
3-1: Fly out, F9 (Flyball, 9S)
Batting: LHB Ray Schneider 0-0: Ball
1-0: Ball
2-0: Called Strike
2-1: DOUBLE (Groundball, 3L)
Jim Unknown to third
Batting: SHB José Martínez 0-0: Ball
1-0: Ball
2-0: Swinging Strike
2-1: Ground out 6-3 (Groundball, 6M)
Jim Unknown scores
Ray Schneider to third
Batting: RHB Jim Unknown 0-0: Ball
1-0: Fly out, F4 (Line Drive, 4)
Top of the 3rd over - 1 run(s), 2 hit(s), 0 error(s), 1 left on base; Wilmington 3 - Lévis 0
BOTTOM OF THE 3RD
Lévis Rocks batting - Pitching for Wilmington Bay Hawks : LHP Jim Unknown
Batting: LHB Jim Unknown 0-0: Ball
1-0: Ball
2-0: Ball
3-0: Base on Balls
Batting: RHB Jim Unknown 0-0: Ball
1-0: Ball
2-0: Ball
3-0: Base on Balls
Jim Unknown to second
Batting: LHB Edward Carlson 0-0: Ball
1-0: Called Strike
1-1: Swinging Strike
1-2: Ground out 4-3 (Groundball, 13)
Jim Unknown to third
Jim Unknown to second
Batting: RHB Carlos Mercado 0-0: Ball
1-0: Ball
2-0: Foul Ball, location: 2F
2-1: Called Strike
2-2: Foul Ball, location: 2F
2-2: Foul Ball, location: 2F
2-2: Ball
3-2: Foul Ball, location: 2F
3-2: Base on Balls
Batting: RHB Dan Holliday 0-0: Called Strike
0-1: Ball
1-1: Foul Ball, location: 2F
1-2: Ball
2-2: SINGLE (Line Drive, 4MD)
Jim Unknown scores
Jim Unknown to third
Carlos Mercado to second
Runner from 3rd tries for Home, SAFE, throw made home
Batting: RHB Ernie McPherson 0-0: Ball
1-0: Ball
2-0: Ball
3-0: Called Strike
3-1: Foul Ball, location: 2F
3-2: Strikes out looking
Batting: RHB Raúl Valadez 0-0: DOUBLE (Flyball, 89D)
Carlos Mercado scores
Dan Holliday to third
Runner from 3rd tries for Home, SAFE, no throw or cutoff
Batting: SHB Bartolo Fernández 0-0: Swinging Strike
0-1: Fly out, F5 (Line Drive, 5)
Bottom of the 3rd over - 4 run(s), 2 hit(s), 0 error(s), 1 left on base; Wilmington 3 - Lévis 4
TOP OF THE 4TH
Wilmington Bay Hawks batting - Pitching for Lévis Rocks : RHP Andrés Martínez
Batting: LHB Lonnie Austin 0-0: Ball
1-0: Ball
2-0: Ball
3-0: Called Strike
3-1: Base on Balls
Batting: RHB Jim Unknown 0-0: Called Strike
0-1: Ball
1-1: Ball
2-1: Called Strike
2-2: Ball
3-2: Foul Ball, location: 2F
3-2: Base on Balls
Lonnie Austin to second
Batting: LHB Nari Corelli 0-0: Called Strike
0-1: Foul Ball, location: 2F
0-2: Ball
1-2: Foul Ball, location: 2F
1-2: Fly out, F9 (Flyball, 9LD)
Pitching: RHP Aaron Morris
Batting: RHB António Prieto 0-0: Called Strike
0-1: Swinging Strike
0-2: Strikes out looking
Batting: RHB Jim Unknown 0-0: Foul Ball, location: 2F
0-1: Swinging Strike
0-2: Foul Ball, location: 2F
0-2: Strikes out swinging
Top of the 4th over - 0 run(s), 0 hit(s), 0 error(s), 2 left on base; Wilmington 3 - Lévis 4
BOTTOM OF THE 4TH
Lévis Rocks batting - Pitching for Wilmington Bay Hawks : LHP Jim Unknown
Batting: RHB Jimmy Allen 0-0: Foul Ball, location: 2F
0-1: Ground out 4-3 (Groundball, 4)
Batting: LHB Jim Unknown 0-0: Foul Ball, location: 2F
0-1: Foul Ball, location: 2F
0-2: Foul Ball, location: 2F
0-2: Strikes out swinging
Batting: RHB Jim Unknown 0-0: Ball
1-0: Called Strike
1-1: Ball
2-1: Ball
3-1: Foul Ball, location: 2F
3-2: SINGLE (Groundball, 4) (infield hit)
Pitching: RHP José Domingo
Batting: LHB Edward Carlson 0-0: Ball
1-0: Ball
2-0: Fly out, F6 (Line Drive, 56D)
Bottom of the 4th over - 0 run(s), 1 hit(s), 0 error(s), 1 left on base; Wilmington 3 - Lévis 4
TOP OF THE 5TH
Wilmington Bay Hawks batting - Pitching for Lévis Rocks : RHP Aaron Morris
Batting: RHB Jorge Rocha 0-0: Ball
1-0: Ground out 5-3 (Groundball, 56S)
Batting: LHB Ray Schneider 0-0: Foul Ball, location: 2F
0-1: Foul Ball, location: 2F
0-2: Ball
1-2: SINGLE (Line Drive, 8RS)
Batting: SHB José Martínez 0-0: Ball
1-0: Called Strike
1-1: Called Strike
1-2: Strikes out swinging
Batting: RHB Jim Unknown 0-0: Called Strike
0-1: Ball
1-1: Ball
2-1: Ball
3-1: Called Strike
3-2: Foul Ball, location: 2F
3-2: Fly out, F6 (Popup, 5DF)
Top of the 5th over - 0 run(s), 1 hit(s), 0 error(s), 1 left on base; Wilmington 3 - Lévis 4
BOTTOM OF THE 5TH
Lévis Rocks batting - Pitching for Wilmington Bay Hawks : RHP José Domingo
Batting: RHB Carlos Mercado 0-0: Ball
1-0: Reached on error, E5 (Groundball, 56S)
Batting: RHB Dan Holliday 0-0: Ball
1-0: Called Strike
1-1: Called Strike
1-2: Foul Ball, location: 2F
1-2: Foul Ball, location: 2F
1-2: Foul Ball, location: 2F
1-2: Fly out, F9 (Flyball, 89S)
Batting: RHB Ernie McPherson 0-0: Foul Ball, location: 2F
0-1: Swinging Strike
0-2: Ball
1-2: Ball
2-2: Ball
3-2: Foul Ball, location: 2F
3-2: SINGLE (Groundball, 6)
Carlos Mercado to second
Batting: RHB Raúl Valadez 0-0: Ball
1-0: Ball
2-0: Ball
3-0: Called Strike
3-1: Called Strike
3-2: Fly out, F7 (Line Drive, 78M)
Batting: SHB Bartolo Fernández 0-0: Ball
1-0: Ball
2-0: Ball
3-0: Base on Balls
Carlos Mercado to third
Ernie McPherson to second
Batting: RHB Jimmy Allen 0-0: DOUBLE (Line Drive, 89S)
Carlos Mercado scores
Ernie McPherson scores
Bartolo Fernández to third
Runner from 3rd tries for Home, SAFE, no throw or cutoff
Batting: LHB Jim Unknown 0-0: Called Strike
0-1: Foul Ball, location: 2F
0-2: Strikes out looking
Bottom of the 5th over - 3 run(s), 2 hit(s), 1 error(s), 1 left on base; Wilmington 3 - Lévis 7
TOP OF THE 6TH
Wilmington Bay Hawks batting - Pitching for Lévis Rocks : RHP Aaron Morris
Batting: LHB Lonnie Austin 0-0: Fly out, F8 (Line Drive, 8LM)
Batting: RHB Jim Unknown 0-0: Ball
1-0: Swinging Strike
1-1: Ball
2-1: Swinging Strike
2-2: Strikes out swinging
Batting: LHB Nari Corelli 0-0: Ball
1-0: Ball
2-0: Called Strike
2-1: Called Strike
2-2: Ball
3-2: Base on Balls
Batting: RHB António Prieto 0-0: Ball
1-0: Foul Ball, location: 2F
1-1: Called Strike
1-2: Ball
2-2: Ball
3-2: Foul Ball, location: 2F
3-2: Fly out, F8 (Flyball, 8RS)
Top of the 6th over - 0 run(s), 0 hit(s), 0 error(s), 1 left on base; Wilmington 3 - Lévis 7
BOTTOM OF THE 6TH
Lévis Rocks batting - Pitching for Wilmington Bay Hawks : RHP José Domingo
Pitching: RHP Bartolo Medina
Batting: RHB Jim Unknown 0-0: Ball
1-0: Ball
2-0: Called Strike
2-1: Foul Ball, location: 2F
2-2: Foul Ball, location: 2F
2-2: Foul Ball, location: 2F
2-2: Ball
3-2: Foul Ball, location: 2F
3-2: DOUBLE (Line Drive, 89M)
Batting: LHB Edward Carlson 0-0: Swinging Strike
0-1: Hit by Pitch
Batting: RHB Carlos Mercado 0-0: Ball
1-0: Called Strike
1-1: Ball
2-1: Ball
3-1: Called Strike
3-2: Grounds into double play, 6-4-3 (Groundball, 6)
Jim Unknown to third
Batting: RHB Dan Holliday 0-0: Swinging Strike
0-1: Foul Ball, location: 2F
0-2: Strikes out swinging
Bottom of the 6th over - 0 run(s), 1 hit(s), 0 error(s), 1 left on base; Wilmington 3 - Lévis 7
TOP OF THE 7TH
Wilmington Bay Hawks batting - Pitching for Lévis Rocks : RHP Aaron Morris
Pitching: RHP Aurelio Nieves
Batting: RHB Jim Unknown 0-0: Foul Ball, location: 2F
0-1: Ground out 6-3 (Groundball, 6)
Batting: RHB Jorge Rocha 0-0: Ball
1-0: Foul Ball, location: 2F
1-1: Ball
2-1: Fly out, F8 (Flyball, 8RM)
Batting: LHB Ray Schneider 0-0: Ball
1-0: Ball
2-0: Called Strike
2-1: Fly out, F7 (Flyball, 7M)
Top of the 7th over - 0 run(s), 0 hit(s), 0 error(s), 0 left on base; Wilmington 3 - Lévis 7
BOTTOM OF THE 7TH
Lévis Rocks batting - Pitching for Wilmington Bay Hawks : RHP Bartolo Medina
Batting: RHB Ernie McPherson 0-0: Foul Ball, location: 2F
0-1: Foul Ball, location: 2F
0-2: Ground out 6-3 (Groundball, 6)
Batting: RHB Raúl Valadez 0-0: Called Strike
0-1: Ball
1-1: Ball
2-1: Foul Ball, location: 2F
2-2: Foul Ball, location: 2F
2-2: Ball
3-2: Base on Balls
Batting: SHB Bartolo Fernández 0-0: Ball
1-0: Swinging Strike
1-1: Called Strike
1-2: DOUBLE (Line Drive, 8LXD)
Raúl Valadez to third
Batting: RHB Jimmy Allen 0-0: Called Strike
0-1: Swinging Strike
0-2: Ball
1-2: Strikes out looking
Batting: LHB Jim Unknown 0-0: Called Strike
0-1: Foul Ball, location: 2F
0-2: Ball
1-2: Ball
2-2: Foul Ball, location: 2F
2-2: Ball
3-2: Base on Balls
Batting: RHB Jim Unknown 0-0: Ground out 5-3 (Groundball, 56S)
Bottom of the 7th over - 0 run(s), 1 hit(s), 0 error(s), 3 left on base; Wilmington 3 - Lévis 7
TOP OF THE 8TH
Wilmington Bay Hawks batting - Pitching for Lévis Rocks : RHP Aurelio Nieves
Batting: SHB José Martínez 0-0: Ball
1-0: Ball
2-0: Ball
3-0: Base on Balls
Batting: RHB Jim Unknown 0-0: Grounds into double play, 5-4-3 (Groundball, 56)
Batting: LHB Lonnie Austin 0-0: Swinging Strike
0-1: Ball
1-1: Called Strike
1-2: Ball
2-2: SINGLE (Line Drive, 4M)
Batting: RHB Jim Unknown 0-0: Ball
1-0: Foul Ball, location: 2F
1-1: Ball
2-1: Ball
3-1: Foul Ball, location: 2F
3-2: Fly out, F6 (Popup, 56D)
Top of the 8th over - 0 run(s), 1 hit(s), 0 error(s), 1 left on base; Wilmington 3 - Lévis 7
BOTTOM OF THE 8TH
Lévis Rocks batting - Pitching for Wilmington Bay Hawks : RHP Bartolo Medina
Pitching: RHP Anthony Graham
Batting: LHB Edward Carlson 0-0: Ball
1-0: Called Strike
1-1: Ball
2-1: Foul Ball, location: 2F
2-2: Ball
3-2: Foul Ball, location: 2F
3-2: SINGLE (Line Drive, 6MD)
Batting: RHB Carlos Mercado 0-0: Called Strike
0-1: Foul Ball, location: 2F
0-2: Ball
1-2: Strikes out looking
Batting: RHB Dan Holliday 0-0: Called Strike
0-1: Ball
1-1: Swinging Strike
1-2: Ball
2-2: Fly out, F8 (Flyball, 8RS)
Batting: RHB Ernie McPherson 0-0: Called Strike
0-1: Ball
Edward Carlson steals 2nd base
1-1: Called Strike
1-2: Reached on error, E4 (Groundball, 34)
Edward Carlson to third
Batting: RHB Raúl Valadez 0-0: Called Strike
0-1: Ball
1-1: Ball
2-1: SINGLE (Groundball, 56D)
Edward Carlson scores
Ernie McPherson to second
Batting: SHB Bartolo Fernández 0-0: Ball
1-0: Fly out, F5 (Popup, 5F)
Bottom of the 8th over - 1 run(s), 2 hit(s), 1 error(s), 2 left on base; Wilmington 3 - Lévis 8
TOP OF THE 9TH
Wilmington Bay Hawks batting - Pitching for Lévis Rocks : RHP Aurelio Nieves
Pitching: RHP Jim Unknown
Batting: LHB Nari Corelli 0-0: Ball
1-0: Called Strike
1-1: Called Strike
1-2: SINGLE (Groundball, 56D)
Batting: RHB António Prieto 0-0: Ball
1-0: Called Strike
1-1: Ball
2-1: Swinging Strike
2-2: Strikes out swinging
Batting: RHB Jim Unknown 0-0: Called Strike
0-1: Called Strike
0-2: Ball
1-2: Foul Ball, location: 2F
1-2: Foul Ball, location: 2F
1-2: Strikes out swinging
Batting: RHB Jorge Rocha 0-0: Called Strike
0-1: Swinging Strike
0-2: Ball
1-2: Strikes out swinging
Top of the 9th over - 0 run(s), 1 hit(s), 0 error(s), 1 left on base; Wilmington 3 - Lévis 8
This league is powered by Out of the Park Baseball, the baseball management simulation game for PC, Mac and Linux
Saturday, July 25th, 2015 - OOTP Baseball 15.6 Build 34